 Dungeon Crawl Stone Soup version 0.28.0-53-g5a82cb258f (webtiles) character file.

Game seed: 13489395060371576905

674 Zeld the Digger (level 7, -6/36 HPs)
             Began as a Gargoyle Earth Elementalist on June 14, 2022.
             Mangled by a two-headed ogre
             ... wielding a +0 giant club
              (23 damage)
             ... on level 5 of the Dungeon.
             The game lasted 00:06:22 (4218 turns).

Zeld the Digger (Gargoyle Earth Elementalist)       Turns: 4218, Time: 00:06:22

Health: -6/36      AC:  7    Str: 11    XL:     7   Next: 59%
Magic:  14/14      EV: 11    Int: 18    God:
Gold:   129        SH:  0    Dex: 10    Spells: 6/16 levels left

rFire   . . .      SeeInvis .   (no weapon)
rCold   . . .      Faith    .   (no shield)
rNeg    + . .      Spirit   .   b - +0 robe
rPois   ∞          Reflect  .   (no helmet)
rElec   +          Harm     .   k - +0 cloak
rCorr   .          Rampage  .   (no gloves)
Will    +....                   (no boots)
Stlth   ++........              g - amulet of magic regeneration
HPRegen 0.12/turn               h - ring of willpower
MPRegen 0.54/turn               (no ring)

@: no status effects
A: sickness immunity, AC +4, negative energy resistance 1, electricity
resistance, torment resistance 1, petrification resistance
a: no special abilities


You were on level 5 of the Dungeon.
You visited 2 branches of the dungeon, and saw 6 of its levels.

You collected 194 gold pieces.
You spent 65 gold pieces at shops.

Inventory:

Hand Weapons
 q - a +0 hand crossbow
Missiles
 c - 82 stones
 p - 5 poisoned darts
 r - a throwing net
Armour
 b - a +0 robe (worn)
 k - a +0 cloak (worn)
Jewellery
 g - an amulet of magic regeneration (around neck)
 h - a ring of willpower (left hand)
Wands
 s - a wand of charming (10)
Scrolls
 a - 3 scrolls of teleportation {unknown}
 e - 2 scrolls of identify {unknown}
 f - a scroll of amnesia {unknown}
 j - a scroll of fog {unknown}
 l - a scroll of enchant armour {unknown}
 m - 2 scrolls of immolation {unknown}
 o - a scroll of fear {unknown}
 t - 2 scrolls of holy word {unknown}
Potions
 d - a potion of degeneration {unknown}
 i - a potion of curing {unknown}
 n - a potion of resistance {unknown}


   Skills:
 - Level 1.5 Dodging
 - Level 2.1 Stealth
 * Level 5.2 Spellcasting
 + Level 0.3 Conjurations
 - Level 2.0 Transmutations
 * Level 7.4 Earth Magic


You had 6 spell levels left.
You knew the following spells:

 Your Spells              Type           Power      Damage    Failure   Level
a - Sandblast             Erth           62%        2d14      1%          1
b - Passwall              Tmut/Erth      17%        N/A       2%          2
c - Stone Arrow           Conj/Erth      36%        3d9       8%          3
d - Petrify               Tmut/Erth      21%        N/A       19%         4

Your spell library contained the following spells:

 Spells                   Type           Power      Damage    Failure   Level
 Tukima's Dance           Hex            4%         N/A       36%         3
 Passage of Golubria      Tloc           4%         N/A       78%         4
 Yara's Violent Unravell  Hex/Tmut       4%         3d4       94%         5


Dungeon Overview and Level Annotations

Branches:
Dungeon (5/15)             Temple (1/1) D:5

Altars:
Ashenzari
Cheibriados
Fedhas
Hepliaklqana
Kikubaaqudgha
Makhleb
Nemelex Xobeh
Okawaru
Qazlal
Ru
Sif Muna
Trog
Uskayaw
Vehumet
Wu Jian
Xom
Zin
The Shining One

Shops:
D:1 =   D:4 (


Innate Abilities, Weirdness & Mutations

You are immune to sickness and miasma.
Your stone body is resilient. (AC +4)
You are immune to poison.
You resist negative energy. (rN+)
You are resistant to electric shocks. (rElec)
You are resistant to unholy torment.
You are immune to petrification.


Message History

e - 2 scrolls labelled NAUZ ADIOJONOD (gained 1)
You see here a +0 trident.
No target in view!
You see here an adder corpse.
You open the door.
There is an open door here.
t - 2 scrolls labelled HINOON XUTREL (gained 1)
There is an open door here.
Key pressed, stopping explore.
You see here 7 arrows.
Found a stone staircase leading up.
No target in view!
There is a stone staircase leading up here.
You see here a +0 leather armour.
A jelly comes into view.
The jelly quivers.
A jelly is nearby!
A jelly is nearby!
A jelly is nearby!
The blast of sand hits the jelly.
The jelly is moderately wounded.
The blast of sand hits the jelly!!
You kill the jelly!
You can't see any susceptible monsters within range! (Use Z to cast anyway.) Search for what [Enter for "armor", or ? for help]?
A two-headed ogre comes into view. It is wielding two +0 giant clubs.
The two-headed ogre moves out of view.
A two-headed ogre is nearby!
The two-headed ogre closely misses you.
The two-headed ogre hits you with a +0 giant club!!
Ouch! That really hurt!
* * * LOW HITPOINT WARNING * * *
A two-headed ogre is nearby!
You see here a +0 leather armour.
Unknown command.
Unknown command.
The two-headed ogre hits you with a +0 giant club.
The two-headed ogre hits you with a +0 giant club!!
Ouch! That really hurt!
You die...

≈≈≈≈≈#...........................
≈≈≈≈≈#.######.##.############.##.
≈≈≈≈≈#...# #.##.# #.##.
######.#.# #.##.# #.##. #.#.#
#.##.# ###.##. #.#.# #.##.#
#.#.##. #.#.# #.##.# ##.#[##.
#.#.# #.##O# ..#.##. #.#.# #.##@#
#.#.##. ..#.####.##.# ####.#.##.
#......##.# #....#.##.
#########.# #.####.##. #.#
#.####.##. #.# #......##. #.#
######.##. #.# #.##. #<# ####.


You could see a two-headed ogre.

Vanquished Creatures
  An ice beast (D:5)
  An ogre (D:5)
  A centaur (D:3)
  2 scorpions (D:5)
  A hound (D:5)
  3 jellies
  A hound skeleton (D:4)
  3 gnolls (D:4)
  5 adders
  An ufetubus (D:2)
  2 adder skeletons (D:4)
  A worm (D:2)
  2 dart slugs
  3 orcs (D:3)
  8 ball pythons
  2 endoplasms
  8 giant cockroaches
  9 goblins
  7 hobgoblins
  4 jackals (D:1)
  5 quokkas
  6 bats
  2 frilled lizards (D:2)
  3 kobolds
  5 rats
86 creatures vanquished.

Notes
Turn   | Place    | Note
-------+----------+-------------------------------------------
     0 | D:1      | Zeld the Gargoyle Earth Elementalist began the quest for
                  | the Orb.
     0 | D:1      | Reached XP level 1. HP: 10/10 MP: 3/3
    99 | D:1      | Found a faded altar of an unknown god.
   180 | D:1      | Reached skill level 1 in Transmutations
   180 | D:1      | Reached XP level 2. HP: 15/15 MP: 3/5
   183 | D:1      | Learned a level 2 spell: Passwall
   215 | D:1      | Reached skill level 4 in Earth Magic
   870 | D:1      | Found Huisk's Jewellery Emporium.
   895 | D:1      | Reached XP level 3. HP: 19/19 MP: 3/6
   899 | D:1      | Learned a level 3 spell: Stone Arrow
  1505 | D:2      | Reached XP level 4. HP: 24/24 MP: 3/8
  2028 | D:3      | Noticed a centaur
  2030 | D:3      | Killed a centaur
  2031 | D:3      | Reached skill level 5 in Earth Magic
  2031 | D:3      | Reached XP level 5. HP: 28/28 MP: 3/10
  2057 | D:2      | Learned a level 4 spell: Petrify
  2249 | D:3      | Found a glowing silver altar of Zin.
  2385 | D:3      | Found a sparkling altar of Nemelex Xobeh.
  2593 | D:4      | Found Odokax's Firing Range.
  2602 | D:4      | Bought a +0 hand crossbow for 35 gold pieces
  2602 | D:4      | Bought a throwing net for 30 gold pieces
  2698 | D:4      | Reached XP level 6. HP: 32/32 MP: 9/11
  2900 | D:4      | Reached skill level 6 in Earth Magic
  3074 | D:5      | Entered Level 5 of the Dungeon
  3222 | D:5      | Found a hazy altar of Hepliaklqana.
  3253 | D:5      | Found a staircase to the Ecumenical Temple.
  3290 | Temple   | Entered the Ecumenical Temple
  3485 | D:5      | Reached XP level 7. HP: 36/36 MP: 7/14
  3685 | D:5      | Reached skill level 5 in Spellcasting
  3685 | D:5      | Reached skill level 7 in Earth Magic
  4142 | D:5      | Noticed a two-headed ogre
  4218 | D:5      | Mangled by a two-headed ogre

Illustrated notes

Levels and vault maps discovered:
D:1:      scummos_arrival_checkerplants, layout_loops_ring,
          ebering_ecumenical_altar_rust, serial_shops, nicolae_shop_crystal
D:2:      layout_rooms
D:3:      layout_rooms, mainiacjoe_overflow_six_doors_small,
          nemelex_altar_shiori, serial_bayou_pond_e
D:4:      layout_basic, nicolae_shop_firing_range
D:5:      layout_basic, nicolae_hepliaklqana_hippocampus,
          minmay_temple_entry_poolview, serial_shops, nicolae_lakefront_shop
Temple:   eino_wide_crystal_templ

Skill      XL: |  1  2  3  4  5  6  7 |
---------------+----------------------+-----
Transmutations | 1 2 |  2.0
Earth Magic    | 4 5 6 7 |  7.4
Spellcasting   | 3 4 5 |  5.2
Dodging        | |  1.5
Stealth        | |  2.1
Conjurations   | |  0.3

Action                   |  1- 3 |  4- 6 |  7- 9 || total
-------------------------+-------+-------+-------++-------
Melee: Unarmed           |    17 |    16 |     4 ||    37
 Cast: Sandblast         |    51 |    69 |    16 ||   136
       Stone Arrow       |       |     4 |     3 ||     7
Armor: Robe              |    10 |    17 |     3 ||    30
Dodge: Dodged            |    35 |    29 |     9 ||    73
